 Dungeon Crawl Stone Soup version 0.29-a0-284-gf9362112df (webtiles) character file.

Game seed: 2586234558343262907

6917 PaleWalker the Severer (level 10, -13/99 HPs)
             Began as a Minotaur Berserker on Mar 18, 2022.
             Was an Elder of Trog.
             Mangled by Erolcha
             ... wielding a +2 spectral giant club
              (16 damage)
             ... on level 9 of the Dungeon.
             The game lasted 00:17:01 (7983 turns).

PaleWalker the Severer (Minotaur Berserker)         Turns: 7983, Time: 00:17:01

Health: -13/99     AC: 20    Str: 35    XL:     10   Next: 79%
Magic:  9/9        EV: 12    Int: 10    God:    Trog [****..]
Gold:   741        SH:  3    Dex: 14    Spells: 9/9 levels left

rFire   . . .      SeeInvis .   a - +3 war axe "Newtbane" {vorpal, rElec Str+2 Int+6 Dex-3}
rCold   . . .      Faith    .   A - +0 buckler
rNeg    + . .      Spirit   .   g - +2 plate armour of Shadows and Fog {rElec rN+ Will+ Str+3}
rPois   .          Reflect  .   C - +2 hat of Wiyf {-Tele Str+5 Dex+6}
rElec   +          Harm     .   n - +0 cloak
rCorr   .          Rampage  .   z - +2 pair of gloves
Will    +++..      NoTele   +   l - +0 pair of boots
Stlth   ..........              (no amulet)
HPRegen 1.26/turn               t - +4 ring of evasion
MPRegen 0.11/turn               (no ring)

@: strong-willed, on berserk cooldown, regenerating, slowed, very slow
A: horns 2, retaliatory headbutt
a: Renounce Religion, Berserk, Trog's Hand, Brothers in Arms


You were on level 9 of the Dungeon.
You worshipped Trog.
Trog was greatly pleased with you.
You visited 1 branch of the dungeon, and saw 9 of its levels.
You also visited: Sewer and Ossuary.

You collected 741 gold pieces.

Inventory:

Hand Weapons
 a - the +3 war axe "Newtbane" (weapon) {vorpal, rElec Str+2 Int+6 Dex-3}
   (You took it off a hobgoblin on level 4 of the Dungeon)

   It inflicts extra damage upon your enemies.
   Str:       It affects your strength (+2).
   Int:       It affects your intelligence (+6).
   Dex:       It affects your dexterity (-3).
   rElec:     It insulates you from electricity.
Armour
 g - the +2 plate armour of Shadows and Fog (worn) {rElec rN+ Will+ Str+3}
   (You took it off an orc warrior on level 7 of the Dungeon)

   Str:       It affects your strength (+3).
   rElec:     It insulates you from electricity.
   rN:        It protects you from negative energy.
   Will:      It increases your willpower.
 l - a +0 pair of boots (worn)
 n - a +0 cloak (worn)
 z - a +2 pair of gloves (worn)
 A - a +0 buckler (worn)
 B - the +2 chain mail of Parts Unknown {rC+ Dex+3}
   (You found it on level 6 of the Dungeon)

   Dex:       It affects your dexterity (+3).
   rC:        It protects you from cold.
 C - the +2 hat of Wiyf (worn) {-Tele Str+5 Dex+6}
   (You found it on level 7 of the Dungeon)

   Str:       It affects your strength (+5).
   Dex:       It affects your dexterity (+6).
   -Tele:     It prevents most forms of teleportation.
Jewellery
 t - a +4 ring of evasion (left hand)
Wands
 p - a wand of flame (39)
 D - a wand of polymorph (13)
 E - a wand of digging (4)
Scrolls
 c - 8 scrolls of teleportation
 e - 2 scrolls of summoning {unknown}
 h - a scroll of enchant armour {unknown}
 i - 4 scrolls of blinking
 k - 5 scrolls of fear
 o - 3 scrolls of brand weapon {unknown}
 q - a scroll of enchant weapon {unknown}
 s - 4 scrolls of magic mapping
 v - a scroll of holy word {unknown}
 x - a scroll of immolation {unknown}
 y - a scroll of amnesia {unknown}
 F - a scroll of noise {unknown}
 H - a scroll of identify
Potions
 b - 5 potions of heal wounds
 d - 2 potions of cancellation {unknown}
 f - a potion of berserk rage {unknown}
 j - 6 potions of curing
 m - 2 potions of brilliance
 r - a potion of might
 u - a potion of magic {unknown}
 w - 6 potions of flight
 G - a potion of degeneration {unknown}


   Skills:
 + Level 12.3 Fighting
 - Level 16.0 Axes
 - Level 2.4 Armour
 - Level 2.1 Dodging


You had 9 spell levels left.
You didn't know any spells.
Your spell library was empty.

Dungeon Overview and Level Annotations

Branches:
Dungeon (9/15)             Temple (0/1) D:7            Lair (0/6) D:8
  Sewer (visited)         Ossuary (visited)
    Orc: D:9-12

Altars:
Ashenzari
Cheibriados
Fedhas
Kikubaaqudgha
Xom
Zin
Beogh

Shops:
D:2 =(:*[

Annotations:
D:9 Erolcha


Innate Abilities, Weirdness & Mutations

You have a pair of horns on your head.
You reflexively headbutt those who attack you in melee.


Message History

Erolcha flickers and vanishes!
Deactivating autopickup; reactivate with Ctrl-A.
The wraith attacks as you move away! The wraith hits you but does no damage.
Something hits you!! The wraith barely misses you. Something hits you!
There is an open door, spattered with blood here.
You block the wraith's attack.
Your skin crawls.
You feel strong-willed. The wraith hits you! The wraith drains your vigour!
You feel as though you will be slow longer.
A red film seems to cover your vision as you go berserk!
You feel yourself moving faster!
You feel mighty! The wraith hits you! The wraith closely misses you.
You slice the wraith!!
The wraith is almost destroyed.
The wraith hits you but does no damage.
You barely miss the wraith.
The wraith is almost destroyed.
You slash the wraith!
You destroy the wraith!
Trog accepts your kill.
You hear some strange, mumbled words.
There is an open door, spattered with blood here.
You feel a strong urge to attack something.
You are no longer berserk.
You are exhausted.
You feel as though you will be slow longer.
There is an open door, spattered with blood here.
You hit something but do no damage. Something hits you!
You slash something! Something hits you!!
* * * LOW HITPOINT WARNING * * *
Okay, then.
Your polar bear goes berserk!
Something hits you!
* * * LOW HITPOINT WARNING * * *
You feel much better. Something hits you!!
* * * LOW HITPOINT WARNING * * *
You swap places.
Something hits you!
You die...

#.# #.# #+#########
#.##### ..........#
#.[...# ..........#
#<.#### ..........#
#####..#
.?........###..<...#
.....[...{##..###.##
..$.......@..## #.#
..$.......#### #.#
##+######## #.# #.#
#.# #.#


You could see a friendly polar bear (summoned, berserk).

Vanquished Creatures
  The ghost of ParaBellum the Fighter, a novice OgCA of Ignis (D:7)
  Amaemon (D:8)
  An orange demon (D:8)
  2 komodo dragons (D:8)
  Grinder (D:3)
  A wraith (D:9)
  Sigmund (D:6)
  4 yaks (D:8)
  2 wyverns (D:8)
  2 steam dragons
  A basilisk (D:8)
  3 water moccasins
  An orc warrior (D:7)
  A black bear (D:6)
  An ice beast (D:3)
  2 sky beasts (D:6)
  2 ogres
  A centaur (D:8)
  3 kobold brigands
  3 bullfrogs
  3 scorpions
  2 necrophages
  13 wights
  3 howler monkeys (D:7)
  2 hounds
  A gnoll shaman (D:7)
  3 orc priests
  5 orc wizards
  3 iguanas
  8 mummies (Ossuary)
  5 gnolls (D:7)
  9 adders
  A river rat (Sewer)
  2 white imps
  2 worms
  5 dart slugs
  15 orcs
  11 endoplasms
  6 giant cockroaches
  7 goblins
  7 hobgoblins
  8 jackals
  5 quokkas
  7 ball pythons
  12 bats
  8 frilled lizards
  2 gnoll zombies (Ossuary)
  4 hobgoblin zombies (Ossuary)
  17 kobolds
  2 orc zombies (Ossuary)
  11 rats
223 creatures vanquished.

Vanquished Creatures (others)
  2 plants (D:5)
2 creatures vanquished.

Grand Total: 225 creatures vanquished

Notes
Turn   | Place    | Note
-------+----------+-------------------------------------------
     0 | D:1      | PaleWalker the Minotaur Berserker began the quest for the
                  | Orb.
     0 | D:1      | Reached XP level 1. HP: 19/19 MP: 0/0
   209 | D:1      | Found a faded altar of an unknown god.
   214 | D:1      | Reached skill level 4 in Axes
   224 | D:1      | Reached XP level 2. HP: 13/27 MP: 1/1
   773 | D:1      | Reached XP level 3. HP: 33/33 MP: 2/2
   895 | D:1      | Reached ** piety under Trog
  1253 | D:1      | Reached skill level 5 in Axes
  1475 | D:2      | Found Coj Zixt's General Store.
  1502 | D:2      | Found Sustreawu's Jewellery Boutique.
  1536 | D:2      | Reached XP level 4. HP: 40/41 MP: 3/3
  1733 | D:2      | Found Zoskum's Book Boutique.
  1768 | D:2      | Found Ovvun's Antique Weapon Emporium.
  2065 | D:2      | Found Vudinev's Antique Armour Shoppe.
  2250 | D:3      | Reached *** piety under Trog
  2422 | D:3      | Noticed Grinder
  2422 | D:3      | Paralysed by Grinder for 4 turns
  2434 | D:3      | Killed Grinder
  2435 | D:3      | Reached skill level 5 in Fighting
  2435 | D:3      | Reached skill level 7 in Axes
  2435 | D:3      | Reached XP level 5. HP: 50/50 MP: 4/4
  2435 | D:3      | Reached XP level 6. HP: 57/57 MP: 5/5
  2477 | D:3      | Noticed an ice beast
  2487 | D:3      | Killed an ice beast
  2527 | D:3      | Reached skill level 8 in Axes
  2718 | D:4      | Identified the +3 war axe "Newtbane" {vorpal, rElec Str+2
                  | Int+6 Dex-3}
  2981 | D:4      | Reached XP level 7. HP: 64/64 MP: 6/6
  3423 | D:4      | Found a glowing silver altar of Zin.
  3435 | D:4      | Found an ancient bone altar of Kikubaaqudgha.
  3440 | D:4      | Found a shimmering altar of Xom.
  3441 | D:4      | Found a snail-covered altar of Cheibriados.
  3447 | D:4      | Found a blossoming altar of Fedhas.
  3599 | D:5      | Entered Level 5 of the Dungeon
  3752 | D:5      | Reached skill level 9 in Axes
  3828 | D:5      | Found a sand-covered staircase.
  3836 | Ossuary  | Entered an ossuary
  4754 | D:5      | Reached XP level 8. HP: 65/73 MP: 7/7
  4961 | D:6      | Reached skill level 10 in Axes
  5012 | D:6      | Found a glowing drain.
  5023 | Sewer    | Entered a sewer
  5143 | Sewer    | Found a white marble altar of Elyvilon.
  5190 | D:6      | Reached skill level 11 in Axes
  5228 | D:6      | Noticed Sigmund
  5237 | D:6      | Killed Sigmund
  5238 | D:6      | Reached **** piety under Trog
  5321 | D:6      | Identified the +2 chain mail of Parts Unknown {rC+ Dex+3}
  5494 | D:6      | Reached skill level 12 in Axes
  5494 | D:6      | Reached XP level 9. HP: 82/82 MP: 8/8
  5745 | D:7      | Found a runed translucent gate.
  5746 | D:7      | Found a runed translucent gate.
  5746 | D:7      | Identified the +2 plate armour of Shadows and Fog {rElec
                  | rN+ Will+ Str+3}
  5746 | D:7      | Noticed ParaBellum's ghost (novice OgCA)
  5845 | D:7      | Found a runed translucent gate.
  5850 | D:7      | Identified the +7 mace of Bankruptcy {vorpal, rN++}
  5902 | D:7      | Found a staircase to the Ecumenical Temple.
  5935 | D:7      | Found a broken altar of Ashenzari.
  6166 | D:7      | Reached skill level 13 in Axes
  6534 | D:7      | Killed ParaBellum's ghost
  6535 | D:7      | Reached skill level 10 in Fighting
  6552 | D:7      | Identified the +2 hat of Wiyf {-Tele Str+5 Dex+6}
  6623 | D:8      | Reached skill level 14 in Axes
  6697 | D:8      | Reached XP level 10. HP: 94/94 MP: 9/9
  7098 | D:8      | Noticed Amaemon
  7098 | D:8      | Noticed an orange demon
  7103 | D:8      | Killed Amaemon
  7104 | D:8      | Reached skill level 15 in Axes
  7107 | D:8      | Killed an orange demon
  7539 | D:8      | Reached skill level 16 in Axes
  7652 | D:8      | Found a staircase to the Lair.
  7964 | D:9      | Noticed Erolcha
  7981 | D:9      | HP: 1/99 [something (11)]
  7983 | D:9      | Mangled by Erolcha

Illustrated notes

Levels and vault maps discovered:
D:1:      amcnicky_arrival_double_pillar, layout_loops_ring,
          ebering_ecumenical_altar_mist
D:2:      layout_loops_ring, serial_shops, nicolae_shop_hallway_plus,
          nicolae_shop_temple_entry_statues_fountains, shop,
          nicolae_diamond_shop, nicolae_shop_crystal, kennysheep_path_1
D:3:      layout_rooms, uniq_grinder
D:4:      layout_basic, nicolae_overflow_hallway_of_the_gods,
          kennysheep_generic_room_11
D:5:      layout_basic, nicolae_ossuary_entry_ruins,
          minmay_misc_feat_nine_boxes, guppyfry_early_lair_pool
D:6:      layout_cave_pools, cheibrodos_sewer_entry_drain, uniq_sigmund
D:7:      layout_basic, nicolae_ashenzari_panopticon,
          minmay_temple_entry_large_hall, biasface_ghost_orc_armoury
D:8:      layout_basic, erik_lair_dragon, uniq_amaemon
D:9:      layout_roguey, hiddenorc2_lemuel, serial_shops, kennysheep_little_box,
          nicolae_shop_overcharged_wands, uniq_maggie, uniq_erolcha

Skill      XL: |  1  2  3  4  5  6  7  8  9 10 |
---------------+-------------------------------+-----
Axes           | 4 5 7 8 9 12 14 16 | 16.0
Fighting       | 4 5 6 7 8 10 12 | 12.3
Armour         | |  2.4
Dodging        | |  2.1

Action                   |  1- 3 |  4- 6 |  7- 9 | 10-12 || total
-------------------------+-------+-------+-------+-------++-------
Melee: Hand axe          |    93 |    88 |       |       ||   181
       Headbutt          |    13 |    15 |    28 |    12 ||    68
       War axe           |       |     6 |   178 |    59 ||   243
       Punch             |       |       |     1 |       ||     1
Invok: Berserk           |     1 |     2 |     5 |     3 ||    11
       Trog's Hand       |       |       |     1 |     1 ||     2
       Brothers in Arms  |       |       |       |     1 ||     1
  Use: Scroll            |       |       |     4 |     3 ||     7
       Potion            |       |       |     1 |     1 ||     2
Armor: Chain mail        |    29 |    65 |    78 |       ||   172
       Animal skin       |     3 |       |       |       ||     3
       Plate armour      |       |       |     2 |    16 ||    18
Dodge: Dodged            |    53 |    40 |    58 |    29 ||   180
Block: Buckler           |       |       |     6 |     8 ||    14

Table legend: (Time is in decaauts)
 A = Elapsed time spent in this place.
 B = Non-inter-level travel time spent in this place.
 C = Inter-level travel time spent in this place.
 D = Time resting spent in this place.
 E = Time spent auto-exploring this place.
 F = Levels seen in this place.
 G = Mean time per level.
                   A        B        C        D        E       F      G
               +--------+--------+--------+--------+--------+-----+--------+
         Total |   8108 |   7867 |    241 |    379 |   6214 |  11 |  737.1 |
       Dungeon |   7569 |   7328 |    241 |    229 |   5954 |   9 |  841.0 |
         Sewer |    184 |    184 |      0 |      0 |    126 |   1 |  184.0 |
       Ossuary |    353 |    353 |      0 |    150 |    134 |   1 |  353.0 |
               +--------+--------+--------+--------+--------+-----+--------+

Top non-repeatable levels by time:
     D:1: 1379 daAuts
     D:8: 1337 daAuts
     D:5: 1020 daAuts
     D:4: 905 daAuts
     D:7: 885 daAuts
     D:2: 754 daAuts
     D:6: 642 daAuts
     D:3: 604 daAuts
 Ossuary: 353 daAuts
   Sewer: 184 daAuts
     D:9: 39 daAuts
